 Dungeon Sprint DCSS version 0.21.0-3-g78d12a8 (webtiles) character file.

147 Faca the Shield-Bearer (level 5, -2/47 HPs)
             Began as a Formicid Fighter on Jan 11, 2018.
             Was an Initiate of Cheibriados.
             Slain by a two-headed ogre
             ... wielding a +0 giant spiked club
              (19 damage)
             ... in the Dungeon (Sprint IX: "|||||||||||||||||||||||||||||").
             The game lasted 00:01:13 (256 turns).

Faca the Shield-Bearer (Formicid Fighter)            Turns: 256, Time: 00:01:14

Health: -2/47      AC: 10    Str: 21    XL:     5   Next: 54%
Magic:  5/5        EV: 10    Int:  9    God:    Cheibriados [......]
Gold:   0          SH: 11    Dex: 15    Spells: 4/4 levels left

rFire    . . .     SeeInvis +   a - +0 war axe
rCold    . . .     Gourm    .   c - +0 shield
rNeg     . . .     Faith    .   q - +2 ring mail
rPois    .         Spirit   .   (helmet unavailable)
rElec    .         Reflect  .   (no cloak)
rCorr    .         Harm     .   (no gloves)
MR       .....                  (no boots)
Stlth    +.........             (no amulet)
HPRegen  0.15/turn              r - +2 ring of protection
MPRegen  0.09/turn              s - +3 ring of dexterity

@: very slow
A: permanent stasis, dig shafts and tunnels, four strong arms, antennae 3
a: Dig, Bend Time, Renounce Religion


You were in the Dungeon.
You worshipped Cheibriados.
Cheibriados was noncommittal.
You were not hungry.

You visited 1 branch

Inventory:

Hand Weapons
 a - a +0 war axe (weapon)
 o - a +1 broad axe of chopping
 p - the +2 halberd of Gozag's Delight {chop, Dex+4}
   (You found it in the Dungeon)

   It inflicts extra damage upon your enemies.
   It affects your dexterity (+4).
Armour
 c - a +0 shield (worn)
 q - a +2 ring mail (worn)
Jewellery
 r - a +2 ring of protection (left hand)
 s - a +3 ring of dexterity (right hand)
Wands
 n - a wand of acid (10)
Scrolls
 l - 3 scrolls of remove curse
 m - 2 scrolls of amnesia
Potions
 d - a potion of invisibility
 e - 5 potions of curing
 g - 3 potions of heal wounds
 i - 4 potions of magic
Comestibles
 f - a ration


   Skills:
 + Level 6.5 Fighting
 * Level 5.6 Axes
 + Level 6.1 Armour
 - Level 0.3 Dodging
 + Level 7.1 Shields


You had 4 spell levels left.
You didn't know any spells.

Dungeon Overview and Level Annotations

Branches:
Dungeon (1/1)

Altars:
Cheibriados
Dithmenos
Elyvilon
Fedhas
Gozag
Hepliaklqana
Kikubaaqudgha
Makhleb
Nemelex Xobeh
Okawaru
Qazlal
Ru
Sif Muna
Trog
Uskayaw
Vehumet
Wu Jian
Xom
Yredelemnul
Zin
The Shining One
Beogh
Jiyva
Lugonu


Innate Abilities, Weirdness & Mutations

You cannot be hasted, slowed, berserked, paralysed or teleported.
You can dig through walls and to a lower floor.
Your four strong arms can wield two-handed weapons with a shield.
You have a pair of large antennae on your head. (SInv)


Message History

The two-headed ogre is lightly wounded.
You block the two-headed ogre's attack.
The two-headed ogre hits you with a giant spiked club!
You hit the two-headed ogre.
The two-headed ogre is lightly wounded.
You hit the two-headed ogre.
The two-headed ogre is moderately wounded.
You block the two-headed ogre's attack. The two-headed ogre barely misses you.
You slash the two-headed ogre!
The two-headed ogre is heavily wounded.
The two-headed ogre barely misses you.
The two-headed ogre hits you with a giant spiked club.
You hit the two-headed ogre.
The two-headed ogre is heavily wounded.
The two-headed ogre hits you with a giant spiked club.
You block the two-headed ogre's attack.
You slash the two-headed ogre!
The two-headed ogre is severely wounded.
The two-headed ogre hits you with a giant spiked club!!
You die...

▓.▓
▓.▓
▓K▓
▓l▓
▓J▓
▓F▓
▓O▓
{
▓@▓
▓.▓
{
▓.▓
{
▓[▓
{
▓[▓
{
▓)▓
{
▓|▓
{
▓.▓
{
▓.▓


You could see a two-headed ogre, a big kobold, a bullfrog, an iguana and a
jelly.

Vanquished Creatures
  2 scorpions (D)
  An iguana (D)
  An adder (D)
  A shadow imp (D)
  A ball python (D)
  A goblin (D)
  A hobgoblin (D)
  A bat (D)
  A quokka zombie (D)
  A rat (D)
11 creatures vanquished.

Notes
Turn   | Place    | Note
-------+----------+-------------------------------------------
     0 | D        | Faca the Formicid Fighter began the quest for the Orb.
     0 | D        | Reached XP level 1. HP: 18/18 MP: 1/1
     7 | D        | Reached skill level 4 in Shields
    29 | D        | Noticed a scorpion
    29 | D        | Noticed a scorpion
    30 | D        | Reached XP level 2. HP: 25/25 MP: 2/2
    38 | D        | Reached skill level 5 in Shields
    38 | D        | Reached XP level 3. HP: 23/31 MP: 3/3
    40 | D        | Killed a scorpion
    40 | D        | Reached skill level 5 in Fighting
    40 | D        | Reached skill level 5 in Armour
    40 | D        | Reached skill level 6 in Shields
    40 | D        | Reached XP level 4. HP: 25/39 MP: 4/4
    42 | D        | Reached skill level 5 in Axes
    42 | D        | Reached XP level 5. HP: 29/46 MP: 5/5
   184 | D        | Found a roughly hewn altar of Beogh.
   184 | D        | Found a snail-covered altar of Cheibriados.
   184 | D        | Found a shadowy altar of Dithmenos.
   184 | D        | Found a white marble altar of Elyvilon.
   184 | D        | Found a blossoming altar of Fedhas.
   184 | D        | Found an opulent altar of Gozag.
   185 | D        | Found a hazy altar of Hepliaklqana.
   186 | D        | Found a viscous altar of Jiyva.
   187 | D        | Found an ancient bone altar of Kikubaaqudgha.
   188 | D        | Became a worshipper of Cheibriados the Contemplative
   189 | D        | Found a corrupted altar of Lugonu.
   190 | D        | Found a burning altar of Makhleb.
   191 | D        | Found a sparkling altar of Nemelex Xobeh.
   192 | D        | Found an iron altar of Okawaru.
   193 | D        | Found a stormy altar of Qazlal.
   194 | D        | Found a sacrificial altar of Ru.
   195 | D        | Found a deep blue altar of Sif Muna.
   196 | D        | Found a bloodstained altar of Trog.
   197 | D        | Found a hide-covered altar of Uskayaw.
   198 | D        | Found a radiant altar of Vehumet.
   199 | D        | Found an ornate altar of the Wu Jian Council.
   200 | D        | Found a shimmering altar of Xom.
   201 | D        | Found a basalt altar of Yredelemnul.
   202 | D        | Found a glowing silver altar of Zin.
   203 | D        | Found a glowing golden altar of the Shining One.
   220 | D        | Got the +2 halberd of Gozag's Delight {chop, Dex+4}
   245 | D        | Noticed a big kobold
   245 | D        | Noticed a two-headed ogre
   245 | D        | Noticed a bullfrog
   248 | D        | Reached skill level 7 in Shields
   256 | D        | Slain by a two-headed ogre

Skill      XL: |  1  2  3  4  5 |
---------------+----------------+-----
Shields        | 4 5 6 7 |  7.1
Fighting       | 4 5 6 |  6.5
Armour         | 4 5 6 |  6.1
Axes           | 3 4 5 |  5.6
Dodging        | |  0.3

Action                   |  1- 3 |  4- 6 || total
-------------------------+-------+-------++-------
Melee: War axe           |    29 |    13 ||    42
  Use: Potion            |     1 |       ||     1
Armor: Scale mail        |    17 |       ||    17
       Ring mail         |       |     3 ||     3
Dodge: Dodged            |    10 |     2 ||    12
Block: Shield            |    17 |     6 ||    23
